 Dungeon Crawl Stone Soup version 0.30-a0-715-gdb4ae3ece1 (webtiles) character file.

Game seed: 2663742777210898237

305 Newt the Trooper (level 6, 0/49 HPs)
             Began as a Demonspawn Gladiator on Jan 24, 2023.
             Slain by an orc priest
             ... wielding a +0 flail
              (6 damage)
             ... on level 4 of the Dungeon.
             The game lasted 00:03:06 (2879 turns).

Newt the Trooper (Demonspawn Gladiator)             Turns: 2879, Time: 00:03:07

Health: 0/49       AC:  5    Str: 21    XL:     6   Next: 16%
Magic:  6/6        EV: 13    Int:  9    God:
Gold:   201        SH:  6    Dex: 20    Spells: 5/5 levels left

rFire   . . .      SeeInvis +    a - +0 rapier
rCold   . . .      Faith    .    j - +0 buckler
rNeg    . . .      Spirit   .    n - +0 robe "Guahoz" {Str+4 SInv}
rPois   +          Reflect  .    c - +0 helmet
rElec   .          Harm     .    (no cloak)
rCorr   .          Rampage  .    (no gloves)
Will    .....                    o - +0 pair of boots
Stlth   ++                       k - amulet of regeneration
HPRegen 1.08/turn                f - +6 ring of dexterity
MPRegen 0.10/turn                w - ring of poison resistance

@: no status effects
A: rugged brown scales 1, foul stench 1, weakness stinger 1
a: no special abilities


You were on level 4 of the Dungeon.
You visited 1 branch of the dungeon, and saw 4 of its levels.

You collected 201 gold pieces.

Inventory:

Hand Weapons
 a - a +0 rapier (weapon)
Missiles
 d - a throwing net (quivered)
 e - a javelin
Armour
 b - a +0 leather armour
 c - a +0 helmet (worn)
 j - a +0 buckler (worn)
 n - the +0 robe "Guahoz" (worn) {Str+4 SInv}
   (You found it on level 2 of the Dungeon)

   Str:       It affects your strength (+4).
   SInv:      It lets you see invisible.
 o - a +0 pair of boots (worn)
 q - a +0 cloak
Jewellery
 f - a +6 ring of dexterity (left hand)
 k - an amulet of regeneration (around neck)
 v - a ring of fire
 w - a ring of poison resistance (right hand)
Scrolls
 g - a scroll of torment {unknown}
 i - a scroll of teleportation {unknown}
 l - a scroll of vulnerability {unknown}
 r - 2 scrolls of identify
Potions
 h - a potion of haste
 m - a potion of brilliance
 p - a potion of attraction {unknown}
 s - a potion of invisibility {unknown}
 t - a potion of mutation {unknown}


   Skills:
 - Level 4.0 Fighting
 - Level 2.6 Short Blades
 - Level 1.7 Throwing
 + Level 2.7 Dodging
 - Level 2.0 Stealth
 - Level 4.0 Shields


You had 5 spell levels left.
You didn't know any spells.
Your spell library contained the following spells:

 Spells                   Type           Power      Damage    Failure   Level
 Slow                     Hex            0%         N/A       45%         1
 Confusing Touch          Hex            0%         N/A       83%         3
 Vampiric Draining        Necr           0%         2d6       83%         3


Dungeon Overview and Level Annotations

Branches:
Dungeon (4/15)
 Temple: D:4-7

Altars:
Fedhas
Qazlal
Ru
Wu Jian


Innate Abilities, Weirdness & Mutations

You are partially covered in rugged brown scales. (AC +1, +3% HP)
You may rarely emit foul miasma when damaged in melee.
You have a small tail.


Message History

Your Shields skill increases to level 4!
You need to enable at least one skill for training.
You hit the orc priest.
The orc priest is moderately wounded.
The orc priest mumbles some strange prayers to Beogh against you.
Beogh smites you! The orc closely misses you. The bullfrog closely misses you.
You hit the orc priest but do no damage.
The orc priest is moderately wounded.
You block the bullfrog's attack. You block the orc's attack.
The orc priest miscasts a cantrip.
The bullfrog hits you. The orc priest barely misses you.
The goblin barely misses you. The orc misses you.
You hit the orc priest.
You tail-slap the orc priest, but do no damage.
The orc priest is heavily wounded.
The bullfrog hits you.
The bullfrog hits you but does no damage.
The orc priest looks encouraged for a moment.
The orc barely misses you. You block the goblin's attack.
You barely miss the orc priest.
The orc priest is heavily wounded.
The hound barks!
You block the bullfrog's attack. The goblin barely misses you.
The orc priest hits you with a +0 flail.
The orc completely misses you.
You hit the orc priest.
The orc priest is heavily wounded.
The bullfrog closely misses you.
The bullfrog hits you but does no damage.
The orc closely misses you. You block the goblin's attack.
The orc priest calls down the wrath of Beogh upon you.
Beogh smites you!
* * * LOW HITPOINT WARNING * * *
You feel better. The bullfrog hits you.
* * * LOW HITPOINT WARNING * * *
The goblin hits you but does no damage.
The orc hits you from afar with a +0 trident!
* * * LOW HITPOINT WARNING * * *
The orc priest hits you with a +0 flail.
You die...

##. .... .. ... ...##..
. ....#.##..# .......
.. 8........ ##.##..##
... ..#...#..........#
..< #....###.......##.
##.. ..h.....[.......#.
#....##g.....#......##.
#...F@.....##.........
##.oo#......#.......##
#..>##..............#
#... ###.......[.....
#... #.....##.......
##.. #...###........
... #....##......†. #.#
##..##.........
#####.........


You could see a bullfrog, a hound, an orc priest, an orc and a goblin.

Vanquished Creatures
  2 hounds
  A jelly (D:4)
  Crazy Yiuf (D:2)
  An iguana (D:4)
  An orc wizard (D:4)
  5 adders
  A worm (D:4)
  2 dart slugs
  4 orcs
  9 ball pythons
  5 endoplasms
  5 giant cockroaches
  5 goblins
  6 hobgoblins
  7 jackals
  2 kobolds
  3 quokkas
  10 bats
  2 frilled lizards
  3 rats
75 creatures vanquished.

Vanquished Creatures (collateral kills)
  A dart slug (D:3)
1 creature vanquished.

Grand Total: 76 creatures vanquished

Notes
Turn   | Place    | Note
-------+----------+-------------------------------------------
     0 | D:1      | Newt the Demonspawn Gladiator began the quest for the Orb.
     0 | D:1      | Reached XP level 1. HP: 16/16 MP: 1/1
   199 | D:1      | Reached skill level 1 in Stealth
   254 | D:1      | Gained mutation: You have a small tail. [demonic ancestry]
   254 | D:1      | Reached XP level 2. HP: 15/22 MP: 2/2
   926 | D:2      | Gained mutation: You are partially covered in rugged brown
                  | scales. (AC +1, +3% HP) [demonic ancestry]
   926 | D:2      | Reached XP level 3. HP: 20/28 MP: 3/3
  1001 | D:2      | Identified the +0 robe "Guahoz" {Str+4 SInv}
  1433 | D:2      | Found a runed translucent door.
  1434 | D:2      | Noticed Crazy Yiuf
  1444 | D:2      | Killed Crazy Yiuf
  1445 | D:2      | Reached XP level 4. HP: 38/38 MP: 4/4
  1611 | D:3      | Reached skill level 1 in Shields
  1765 | D:3      | Found a large runed translucent door.
  1765 | D:3      | Found a large runed translucent door.
  2017 | D:3      | Reached XP level 5. HP: 43/43 MP: 5/5
  2325 | D:3      | Found a sacrificial altar of Ru.
  2328 | D:3      | Found an ornate altar of the Wu Jian Council.
  2427 | D:4      | Found a stormy altar of Qazlal.
  2431 | D:4      | Found a blossoming altar of Fedhas.
  2759 | D:4      | Gained mutation: You may rarely emit foul miasma when
                  | damaged in melee. [demonic ancestry]
  2759 | D:4      | Reached XP level 6. HP: 46/49 MP: 6/6
  2879 | D:4      | Slain by an orc priest

Illustrated notes

Levels and vault maps discovered:
D:1:      grunt_arrival_lava_bath, layout_basic
D:2:      layout_rooms, nrook_mini_backslash, st_stairs_6,
          uniq_crazy_yiuf_cottage
D:3:      layout_basic, jmf_multi_god_temple2, kennysheep_minor_cross
D:4:      layout_cave_pools, grunt_temple_overflow_forces_of_nature,
          serial_column_ruins, column_ruins_hut, column_ruins_open_tiny,
          column_ruins_columns_corner, column_ruins_open_tiny,
          minmay_mini_ossuary

Skill      XL: |  1  2  3  4  5  6 |
---------------+-------------------+-----
Stealth        | 1 2 |  2.0
Fighting       | 4 |  4.0
Shields        | 2 3 4 |  4.0
Short Blades   | |  2.6
Throwing       | |  1.7
Dodging        | |  2.7

Action                     |  1- 3 |  4- 6 || total
---------------------------+-------+-------++-------
  Melee: Rapier            |   119 |   138 ||   257
         Tailslap          |    11 |    20 ||    31
  Throw: Throwing net      |     1 |     1 ||     2
         Javelin           |       |     1 ||     1
    Use: Scroll            |       |     4 ||     4
         Potion            |       |     1 ||     1
   Stab: Sleeping          |     6 |     6 ||    12
         Held in net/web   |     1 |     1 ||     2
 Armour: Leather armour    |    44 |       ||    44
         Robe              |     2 |    33 ||    35
  Dodge: Dodged            |    72 |    94 ||   166
  Block: Buckler           |    19 |    43 ||    62

Table legend: (Time is in decaauts)
 A = Elapsed time spent in this place.
 B = Non-inter-level travel time spent in this place.
 C = Inter-level travel time spent in this place.
 D = Time resting spent in this place.
 E = Time spent auto-exploring this place.
 F = Levels seen in this place.
 G = Mean time per level.
                   A        B        C        D        E       F      G
               +--------+--------+--------+--------+--------+-----+--------+
         Total |   2905 |   2827 |     78 |    188 |   2024 |   4 |  726.2 |
       Dungeon |   2905 |   2827 |     78 |    188 |   2024 |   4 |  726.2 |
               +--------+--------+--------+--------+--------+-----+--------+

Top non-repeatable levels by time:
     D:1: 922 daAuts
     D:3: 878 daAuts
     D:2: 565 daAuts
     D:4: 539 daAuts
